 Dungeon Crawl Stone Soup version 0.30-a0-219-gf2db51d15e (webtiles) character file.

Game seed: 11760030825218360575

242 Essalna the Digger (level 6, 0/36 HPs)
             Began as a Gargoyle Earth Elementalist on Oct 7, 2022.
             Slain by an ogre
             ... wielding a +0 giant club
              (17 damage)
             ... on level 4 of the Dungeon.
             The game lasted 00:04:29 (3170 turns).

Essalna the Digger (Gargoyle Earth Elementalist)    Turns: 3170, Time: 00:04:29

Health: 0/36       AC:  7    Str: 12    XL:     6   Next: 9%
Magic:  6/9        EV: 11    Int: 17    God:
Gold:   208        SH:  0    Dex: 10    Spells: 5/9 levels left

rFire   . . .      SeeInvis .    c - +0 short sword
rCold   . . .      Faith    .    (no shield)
rNeg    + . .      Spirit   .    a - +0 robe
rPois   ∞          Reflect  .    l - +0 helmet
rElec   +          Harm     .    (no cloak)
rCorr   .          Rampage  .    (no gloves)
Will    .....                    (no boots)
Stlth   ++........               (no amulet)
HPRegen 0.26/turn                (no ring)
MPRegen 0.11/turn                (no ring)

@: weak-willed
A: sickness immunity, AC +4, negative energy resistance 1, electricity
resistance, torment resistance 1, petrification resistance
a: no special abilities


You were on level 4 of the Dungeon.
You visited 1 branch of the dungeon, and saw 4 of its levels.

You collected 208 gold pieces.

Inventory:

Hand Weapons
 c - a +0 short sword (weapon)
Armour
 a - a +0 robe (worn)
 l - a +0 helmet (worn)
Scrolls
 g - a scroll of teleportation
 h - 3 scrolls of vulnerability
Potions
 d - 3 potions of lignification
 e - a potion of degeneration {unknown}
 f - 2 potions of haste {unknown}
 i - a potion of flight {unknown}
 k - a potion of might {unknown}
 m - a potion of brilliance {unknown}
 n - a potion of berserk rage {unknown}


   Skills:
 + Level 2.6 Fighting
 - Level 1.5 Dodging
 - Level 2.1 Stealth
 - Level 2.0 Spellcasting
 + Level 2.2 Conjurations
 - Level 0.7 Transmutations
 + Level 6.6 Earth Magic


You had 5 spell levels left.
You knew the following spells:

 Your Spells              Type           Power      Damage    Failure   Level
a - Sandblast             Erth           48%        2d12      1%          1
b - Stone Arrow           Conj/Erth      32%        3d9       10%         3

Your spell library contained the following spells:

 Spells                   Type           Power      Damage    Failure   Level
 Passwall                 Tmut/Erth      11%        N/A       6%          2
 Beastly Appendage        Tmut           8%         N/A       14%         1
 Apportation              Tloc           2%         N/A       19%         1
 Wereblood                Tmut           4%         N/A       22%         2
 Petrify                  Tmut/Erth      14%        N/A       38%         4
 Spider Form              Tmut/Pois      2%         N/A       45%         3
 Manifold Assault         Tloc           1%         N/A       88%         4
 Alistair's Intoxication  Tmut/Pois      1%         N/A       99%         5
 Dispersal                Tloc           0%         N/A       100%        6
 Disjunction              Tloc           0%         N/A       100%        8


Dungeon Overview and Level Annotations

Branches:
Dungeon (4/15)
 Temple: D:4-7

Altars:
Yredelemnul


Innate Abilities, Weirdness & Mutations

You are immune to sickness and miasma.
Your stone body is resilient. (AC +4)
You are immune to poison.
You resist negative energy. (rN+)
You are resistant to electric shocks. (rElec)
You are resistant to unholy torment.
You are immune to petrification.


Message History

There is an entrance to a sewer on this level.
Hurry and find it before the portal rusts away!
Found a sedimented emerald potion and 11 gold pieces.
There is a stone staircase leading up here.
As you read the scroll labelled ONILUE DEAFEF, it crumbles to dust.
It is a scroll of identify.
d - 3 potions of lignification
As you read the scroll labelled CIXZIM HEMUTIU, it crumbles to dust.
You feel strangely unstable.
It was a scroll of teleportation.
As you read the scroll labelled SAVVIG UKU, it crumbles to dust.
Magic quickly surges around you.
It was a scroll of vulnerability.
As you read the scroll labelled ZUGHIEVALAE, it crumbles to dust.
You assume a fearsome visage.
Nothing appears to happen.
It was a scroll of fear.
Your surroundings suddenly seem different.
An ogre comes into view. It is wielding a +0 giant club.
Casting: Sandblast (safe; 1% risk of failure)
Confirm with . or Enter, or press ? or * to list all spells.
Aiming: Sandblast (safe; 1% risk of failure)
Press: ? - help, Shift-Dir - straight line, f - ogre
Aim: an ogre, wielding a +0 giant club (92% to hit)
The blast of sand hits the ogre!
The ogre is moderately wounded.
Casting: Sandblast (safe; 1% risk of failure)
Confirm with . or Enter, or press ? or * to list all spells.
Aiming: Sandblast (safe; 1% risk of failure)
Press: ? - help, Shift-Dir - straight line, f/p - ogre
Aim: an ogre, wielding a +0 giant club (moderately wounded, 92% to hit)
The blast of sand hits the ogre!
The ogre is heavily wounded.
The ogre hits you with a +0 giant club!!
Ouch! That really hurt!
Casting: Sandblast (safe; 1% risk of failure)
Confirm with . or Enter, or press ? or * to list all spells.
Aiming: Sandblast (safe; 1% risk of failure)
Press: ? - help, Shift-Dir - straight line, f/p - ogre
Aim: an ogre, wielding a +0 giant club (heavily wounded, 92% to hit)
The blast of sand hits the ogre!
The ogre is almost dead.
The ogre hits you with a +0 giant club!
You die...

###### #....#
#....# #....# #
##....+ .#
#####.....#..##.
#................
+......#.@##..##
#.....##..O......
#..... #.........
#..... ######....
...... ... .#+##
#.


You could see an ogre.

Vanquished Creatures
  The ghost of grizmgrazm2 the Insei, an amateur OpTm (D:3)
  A hound zombie (D:3)
  A gnoll (D:1)
  3 adders
  A white imp (D:3)
  An adder zombie (D:3)
  4 worms
  6 dart slugs
  5 orcs (D:3)
  12 endoplasms
  5 giant cockroaches
  5 goblins
  2 hobgoblins (D:3)
  4 quokkas
  6 ball pythons
  5 bats
  3 frilled lizards
  7 kobolds
  8 rats
80 creatures vanquished.

Notes
Turn   | Place    | Note
-------+----------+-------------------------------------------
     0 | D:1      | Essalna the Gargoyle Earth Elementalist began the quest for
                  | the Orb.
     0 | D:1      | Reached XP level 1. HP: 10/10 MP: 3/3
   100 | D:1      | Reached skill level 4 in Earth Magic
   151 | D:1      | Reached XP level 2. HP: 15/15 MP: 3/5
   242 | D:1      | Reached skill level 5 in Earth Magic
   242 | D:1      | Reached XP level 3. HP: 6/19 MP: 2/6
   443 | D:1      | You fall into a shaft and drop 1 floor!
   549 | D:1      | Found a faded altar of an unknown god.
  1129 | D:2      | Reached XP level 4. HP: 18/24 MP: 3/7
  1718 | D:2      | Reached skill level 1 in Fighting
  1774 | D:2      | Reached skill level 6 in Earth Magic
  2097 | D:3      | Learned a level 3 spell: Stone Arrow
  2207 | D:3      | Found a runed translucent gate.
  2207 | D:3      | Found a runed translucent gate.
  2207 | D:3      | Found a runed translucent gate.
  2207 | D:3      | Noticed grizmgrazm2's ghost (amateur OpTm)
  2209 | D:3      | Found a basalt altar of Yredelemnul.
  2221 | D:3      | Reached XP level 5. HP: 27/29 MP: 0/8
  2400 | D:3      | Reached skill level 1 in Conjurations
  3076 | D:3      | Killed grizmgrazm2's ghost
  3077 | D:3      | Reached XP level 6. HP: 34/36 MP: 5/9
  3170 | D:4      | Slain by an ogre

Illustrated notes

Levels and vault maps discovered:
D:1:      shiori_arrival_whats_in_store_for_you, layout_basic,
          hellmonk_ecumenical_altar_slurped_away
D:2:      layout_basic, minmay_cut_off
D:3:      layout_basic, nicolae_yredelemnul_ghost_church
D:4:      layout_basic, ashenzari_altar_1, gup_sewer_entry_glass

Skill      XL: |  1  2  3  4  5 |
---------------+----------------+-----
Earth Magic    | 4 5 6 |  6.6
Fighting       | 1 2 |  2.6
Conjurations   | 2 |  2.2
Dodging        | |  1.5
Stealth        | |  2.1
Spellcasting   | |  2.0
Transmutations | |  0.7

Action                   |  1- 3 |  4- 6 || total
-------------------------+-------+-------++-------
Melee: Short sword       |    12 |     3 ||    15
 Cast: Sandblast         |    50 |    72 ||   122
  Use: Potion            |     1 |       ||     1
       Scroll            |       |     4 ||     4
Armor: Robe              |    26 |     9 ||    35
Dodge: Dodged            |    40 |    14 ||    54

Table legend: (Time is in decaauts)
 A = Elapsed time spent in this place.
 B = Non-inter-level travel time spent in this place.
 C = Inter-level travel time spent in this place.
 D = Time resting spent in this place.
 E = Time spent auto-exploring this place.
 F = Levels seen in this place.
 G = Mean time per level.
                   A        B        C        D        E       F      G
               +--------+--------+--------+--------+--------+-----+--------+
         Total |   3230 |   3149 |     81 |      0 |   2718 |   4 |  807.5 |
       Dungeon |   3230 |   3149 |     81 |      0 |   2718 |   4 |  807.5 |
               +--------+--------+--------+--------+--------+-----+--------+

Top non-repeatable levels by time:
     D:2: 1222 daAuts
     D:3: 1100 daAuts
     D:1: 893 daAuts
     D:4: 13 daAuts
